 Dungeon Crawl Stone Soup version 0.32-a0-933-ga8fa363 (webtiles) character file.

Game seed: 10826523811685996877

882 RipleyVolta the Ducker (level 8, -2/58 HPs)
             Began as a Djinni Fire Elementalist on Apr 14, 2024.
             Slain by Edmund
             ... wielding a +4 flail of holy wrath
              (3 damage)
             ... on level 6 of the Dungeon.
             The game lasted 00:23:50 (5427 turns).

RipleyVolta the Ducker (Djinni Fire Elementalist)   Turns: 5427, Time: 00:23:50

Health: -2/58      AC:  2    Str:  7    XL:     8   Next: 25%
Gold:   241        EV: 13    Int: 19    God:
                   SH:  0    Dex: 14

rFire   + + .        k - +2 dagger (elec)
rCold   x . .        (no shield)
rNeg    . . .        a - +0 robe
rPois   ∞            (no helmet)
rElec   .            (no cloak)
rCorr   .            (no gloves)
SInv    .            (boots unavailable)
Will    .....        (no amulet)
Stlth   ++           (no ring)
HPRegen 0.29/turn    (no ring)

%: infuse magic (-3 HP)
@: flying, very slightly contaminated
A: sickness immunity, fire resistance 2, cold vulnerability 1, float, innate
caster, HP casting, extra vitality 1
a: no special abilities


You were on level 6 of the Dungeon.
You visited 1 branch of the dungeon, and saw 6 of its levels.

You collected 241 gold pieces.

Inventory:

Hand Weapons
 k - a +2 dagger of electrocution (weapon)
 s - a +3 dagger of holy wrath
Missiles
 c - 8 poisoned darts
 d - 38 stones
 f - 5 boomerangs
Armour
 a - a +0 robe (worn)
Magical Staves
 p - a staff of earth
Jewellery
 q - a ring of fire
Scrolls
 b - a scroll of blinking {unknown}
 e - a scroll of noise {unknown}
 h - a scroll of immolation {unknown}
 l - 2 scrolls of enchant weapon
 m - a scroll of butterflies {unknown}
 n - a scroll of revelation {unknown}
 o - 3 scrolls of fear {unknown}
 r - a scroll of silence {unknown}
 v - 2 scrolls of teleportation {unknown}
Potions
 g - a potion of mutation
 i - 2 potions of ambrosia
 j - 2 potions of curing
 t - a potion of resistance {unknown}
 u - 2 potions of lignification {unknown}
 w - a potion of berserk rage {unknown}


   Skills:
 + Level 4.9 Fighting
 + Level 5.9 Dodging
 - Level 1.5 Stealth
 + Level 5.0 Spellcasting
 + Level 5.0 Conjurations
 + Level 5.0 Hexes
 + Level 5.0 Summonings
 + Level 5.0 Necromancy
 + Level 5.0 Translocations
 + Level 5.0 Fire Magic
 + Level 5.0 Ice Magic
 + Level 5.0 Air Magic
 + Level 5.0 Earth Magic
 + Level 5.0 Alchemy


You knew the following spells:

 Your Spells              Type           Power      Damage    Failure   Level
a - Foxfire               Conj/Fire      96%        2x1d8     1%          1
b - Scorch                Fire           48%        2d7       2%          2
c - Volatile Blastmotes   Fire/Tloc      48%        2d14      4%          3
d - Inner Flame           Hex/Fire       24%        N/A       4%          3
e - Flame Wave            Conj/Fire      24%        2d8       16%         4
f - Shock                 Conj/Air       96%        1d9       1%          1
g - Ensorcelled Hibernat  Hex/Ice        48%        N/A       2%          2
h - Confusing Touch       Hex            24%        N/A       4%          3
Your spell library was empty.

Dungeon Overview and Level Annotations

Branches:
Dungeon (6/15)
 Temple: D:4-7

Altars:

Annotations:
D:3 exclusion: downstairs
D:5 exclusion: downstairs
D:6 exclusion: ogre, Edmund


Innate Abilities, Weirdness & Mutations

You are immune to sickness and miasma.
You are immune to poison.
Your flesh is very heat resistant. (rF++)
You are vulnerable to cold. (rC-)
You float through the air rather than walking.
You learn spells naturally, not from books.
Your magical power is your life essence.
You have superior vitality. (+4 MHP)


Message History

Casting: Shock (safe; 1% risk of failure)
Confirm with . or Enter, or press ? or * to list all spells.
Aiming: Shock (safe; 1% risk of failure)
Press: ? - help, Shift-Dir - straight line The zap misses Edmund.
The zap misses the ufetubus.
The zap hits the ufetubus.
The ufetubus is lightly wounded.
The zap hits the ufetubus.
The ufetubus is severely wounded.
Edmund misses you.
Casting: Shock (safe; 1% risk of failure)
Confirm with . or Enter, or press ? or * to list all spells.
Aiming: Shock (safe; 1% risk of failure)
Press: ? - help, Shift-Dir - straight line The zap hits Edmund.
Edmund is almost dead.
The zap misses the ufetubus. x2; The zap hits the ufetubus!
You kill the ufetubus!
The zap hits the ufetubus.
The ufetubus is severely wounded.
The zap misses Edmund.
Edmund hits you with a +4 flail of holy wrath!
* * * LOW HITPOINT WARNING * * *
Casting: Shock (safe; 1% risk of failure)
Confirm with . or Enter, or press ? or * to list all spells.
You miscast Foxfire.
You are very lightly contaminated with residual magic.
Nothing appears to happen.
* * * LOW HITPOINT WARNING * * *
Edmund misses you.
Casting: Foxfire (safe; 1% risk of failure)
Confirm with . or Enter, or press ? or * to list all spells.
You conjure some foxfire!
* * * LOW HITPOINT WARNING * * *
Edmund hits you with a +4 flail of holy wrath!
* * * LOW HITPOINT WARNING * * *
Your foxfire dissipates!
Edmund attacks as he pursues you!
Edmund hits you with a +4 flail of holy wrath.
You die...
Edmund says, "I'd like to see a scythe do that!"

#######
#.5.@@#
#.#####
#..55.#
#####.#


You could see Edmund and an ufetubus.

Vanquished Creatures
  A phantom (D:5)
  3 scorpions (D:5)
  3 hounds (D:5)
  An orc priest (D:5)
  A jelly (D:4)
  Jessica (D:3)
  2 iguanas (D:5)
  9 orc wizards
  11 adders
  A gnoll (D:1)
  An ufetubus (D:6)
  2 dart slugs
  2 ribbon worms
  14 orcs
  6 endoplasms
  2 giant cockroaches (D:1)
  6 goblins
  7 hobgoblins
  2 quokkas
  2 ball pythons
  2 bats
  A frilled lizard (D:1)
  2 kobolds
  4 rats
86 creatures vanquished.

Vanquished Creatures (others)
  173 foxfires
173 creatures vanquished.

Grand Total: 259 creatures vanquished

Notes
Turn   | Place    | Note
-------+----------+-------------------------------------------
     0 | D:1      | RipleyVolta the Djinni Fire Elementalist began the quest
                  | for the Orb.
     0 | D:1      | RipleyVolta set off with the following spells memorised:
                  | Foxfire, Scorch, Volatile Blastmotes, Inner Flame, Flame
                  | Wave.
     0 | D:1      | Reached XP level 1. HP: 15/15 MP: 0/0
   180 | D:1      | Reached XP level 2. HP: 21/22 MP: 0/0
   244 | D:1      | Reached skill level 1 in Fighting
   247 | D:1      | Reached XP level 3. HP: 13/27 MP: 0/0
   247 | D:1      | Learned a level 1 spell: Shock
   697 | D:1      | Found a faded altar of an unknown god.
  1287 | D:2      | Reached XP level 4. HP: 32/32 MP: 0/0
  2103 | D:3      | Noticed Jessica
  2123 | D:3      | Killed Jessica
  2124 | D:3      | Reached XP level 5. HP: 34/38 MP: 0/0
  2124 | D:3      | Learned a level 2 spell: Ensorcelled Hibernation
  2877 | D:4      | Reached XP level 6. HP: 43/45 MP: 0/0
  3577 | D:4      | Reached XP level 7. HP: 38/50 MP: 0/0
  3577 | D:4      | Learned a level 3 spell: Confusing Touch
  4012 | D:5      | Entered Level 5 of the Dungeon
  4098 | D:5      | Reached skill level 5 in Dodging
  4585 | D:5      | Reached XP level 8. HP: 28/58 MP: 0/0
  5212 | D:5      | Reached skill level 5 in Spellcasting
  5212 | D:5      | Reached skill level 5 in Conjurations
  5212 | D:5      | Reached skill level 5 in Hexes
  5212 | D:5      | Reached skill level 5 in Summonings
  5212 | D:5      | Reached skill level 5 in Necromancy
  5212 | D:5      | Reached skill level 5 in Translocations
  5212 | D:5      | Reached skill level 5 in Fire Magic
  5212 | D:5      | Reached skill level 5 in Ice Magic
  5212 | D:5      | Reached skill level 5 in Air Magic
  5212 | D:5      | Reached skill level 5 in Earth Magic
  5212 | D:5      | Reached skill level 5 in Alchemy
  5416 | D:6      | Noticed Edmund
  5426 | D:6      | HP: 1/58 [Edmund/+4 flail of holy wrath (13)]
  5427 | D:6      | Slain by Edmund

Illustrated notes

Levels and vault maps discovered:
D:1:      lordsloth_arrival_two_stooges, layout_basic,
          shapermc_ecumenical_altar_petra
D:2:      layout_rooms
D:3:      cheibrodos_old_hovel, layout_basic, serial_co_window_serial,
          co_window_paths_b, co_window_paths_a, co_window_paths_b,
          co_window_cross_1, co_window_paths_a, co_window_corner_cb,
          co_window_corner_b, co_window_broadway_b, co_window_of_opportunity_b,
          co_window_cross_2, co_window_2corner, co_window_paths_d,
          co_window_4corner_b, glass_columns_b, glass_columns_a,
          glass_columns_c, glass_columns_b, uniq_jessica
D:4:      layout_loops_cross, kennysheep_crisscross, nicolae_half_adder
D:5:      layout_cave_pods, amethyst_killhole
D:6:      layout_basic, nicolae_ossuary_entry_ruins, uniq_edmund

Skill      XL: |  1  2  3  4  5  6  7  8 |
---------------+-------------------------+-----
Fighting       | 1 2 3 4 |  4.9
Dodging        | 3 4 5 |  5.9
Spellcasting   | 4 5 |  5.0
Conjurations   | 4 5 |  5.0
Hexes          | 4 5 |  5.0
Summonings     | 4 5 |  5.0
Necromancy     | 4 5 |  5.0
Translocations | 4 5 |  5.0
Fire Magic     | 4 5 |  5.0
Ice Magic      | 4 5 |  5.0
Air Magic      | 4 5 |  5.0
Earth Magic    | 4 5 |  5.0
Alchemy        | 4 5 |  5.0
Stealth        | |  1.5

Action                     |  1- 3 |  4- 6 |  7- 9 || total
---------------------------+-------+-------+-------++-------
  Melee: Falchion          |     3 |       |       ||     3
         Dagger            |       |     7 |     6 ||    13
   Cast: Foxfire           |    29 |    42 |    48 ||   119
         Shock             |    21 |    53 |    31 ||   105
         Volatile Blastmot |       |     5 |     8 ||    13
    Use: Scroll            |       |     5 |       ||     5
   Stab: Sleeping          |     1 |       |       ||     1
 Armour: Robe              |     8 |    27 |    24 ||    59
  Dodge: Dodged            |     6 |    12 |    13 ||    31

Table legend: (Time is in decaauts)
 A = Elapsed time spent in this place.
 B = Non-inter-level travel time spent in this place.
 C = Inter-level travel time spent in this place.
 D = Time resting spent in this place.
 E = Time spent auto-exploring this place.
 F = Levels seen in this place.
 G = Mean time per level.
                   A        B        C        D        E       F      G
               +--------+--------+--------+--------+--------+-----+--------+
         Total |   5426 |   5131 |    295 |     31 |   4421 |   6 |  904.3 |
       Dungeon |   5426 |   5131 |    295 |     31 |   4421 |   6 |  904.3 |
               +--------+--------+--------+--------+--------+-----+--------+

Top non-repeatable levels by time:
     D:5: 1397 daAuts
     D:3: 1300 daAuts
     D:1: 1146 daAuts
     D:4: 1076 daAuts
     D:2: 488 daAuts
     D:6: 17 daAuts
